[Event "1st SOA-GM Festival 2024"]
[Site "Bhubaneswar"]
[Date "2024.02.01"]
[Round "3.8"]
[White "Aquino, Jethro Dino"]
[Black "Neelash Saha"]
[Result "1/2-1/2"]
[WhiteElo "2166"]
[BlackElo "2446"]
[PlyCount "155"]
[EventDate "2024.02.01"]
[EventType "swiss"]
[EventCountry "IND"]
[TimeControl "5400+30"]

1. e4 c6 2. d4 d5 3. f3 dxe4 4. fxe4 e5 5. Nf3 Bg4 6. Bc4 Nd7 7. c3 Bd6 8. O-O Ngf6 9. Bg5 b5 10. Bb3 Qb6 11. Nbd2 c5 12. Bxf6 gxf6 13. Bd5 Rc8 14. a4 a6 15. Kh1 exd4 16. cxd4 cxd4 17. Nb3 Ne5 18. Qxd4 Rb8 19. axb5 Qxb5 20. Nh4 Be7 21. Nf5 Bxf5 22. Rxf5 Rg8 23. Qf2 Qb6 24. Qh4 Rg7 25. Qh6 Kf8 26. h3 Kg8 27. Raf1 Kh8 28. g4 a5 29. Qd2 a4 30. Nd4 Qxb2 31. Qxb2 Rxb2 32. R5f2 Rxf2 33. Rxf2 Bc5 34. Rd2 Bxd4 35. Rxd4 h5 36. Rxa4 hxg4 37. hxg4 Rxg4 38. Ra3 Kg7 39. Kh2 Rg5 40. Rg3 Ng6 41. Kg2 Nf4+ 42. Kf2 Kf8 43. Rf3 Nxd5 44. exd5 Ke7 45. Rd3 Re5 46. d6+ Kd7 47. Kf3 Re6 48. Kf4 Rxd6 49. Re3 Re6 50. Ra3 Ke7 51. Ra7+ Kf8 52. Kf5 Kg7 53. Ra1 Re5+ 54. Kf4 Rg5 55. Ra8 Rg1 56. Ra5 Rf1+ 57. Kg4 Kg6 58. Ra6 Re1 59. Kf4 Re6 60. Ra5 f5 61. Ra8 Re4+ 62. Kf3 Rb4 63. Rc8 Rb1 64. Ra8 Kf6 65. Rc8 Ra1 66. Rb8 Rf1+ 67. Kg2 Rf4 68. Kg3 Rg4+ 69. Kf3 Kg7 70. Rb5 Kg6 71. Rb8 Rd4 72. Rg8+ Kf6 73. Ra8 Ke7 74. Ra5 Ke6 75. Ra8 f4 76. Ra5 Kf6 77. Rb5 Ra4 78. Rc5 1/2-1/2

[Event "1st SOA-GM Festival 2024"]
[Site "Bhubaneswar"]
[Date "2024.02.01"]
[Round "3.9"]
[White "Sidhant, Mohapatra"]
[Black "Roy Chowdhury, Saptarshi"]
[Result "1/2-1/2"]
[WhiteElo "2421"]
[BlackElo "2233"]
[PlyCount "60"]
[EventDate "2024.02.01"]
[EventType "swiss"]
[EventCountry "IND"]
[TimeControl "5400+30"]

1. e4 c5 2. Nf3 Nc6 3. d4 cxd4 4. Nxd4 e5 5. Nb5 d6 6. N1c3 a6 7. Na3 Be7 8. Nc4 b5 9. Ne3 Nf6 10. Bd3 O-O 11. O-O Rb8 12. Re1 b4 13. Ncd5 Nxd5 14. Nxd5 Bg5 15. a3 Bxc1 16. Qxc1 a5 17. axb4 axb4 18. Qd2 Be6 19. Bc4 Nd4 20. c3 bxc3 21. bxc3 Bxd5 22. Bxd5 Nb3 23. Bxb3 Rxb3 24. Rab1 Rxb1 25. Rxb1 Qc7 26. Rd1 Rd8 27. g3 h6 28. Kg2 Kf8 29. Qd3 Ke7 30. Ra1 Rd7 1/2-1/2

[Event "1st SOA-GM Festival 2024"]
[Site "Bhubaneswar"]
[Date "2024.02.01"]
[Round "3.10"]
[White "Pattnayak Nilsu"]
[Black "Adireddy Arjun"]
[Result "1-0"]
[WhiteElo "1987"]
[BlackElo "2415"]
[PlyCount "137"]
[EventDate "2024.02.01"]
[EventType "swiss"]
[EventCountry "IND"]
[TimeControl "5400+30"]

1. e4 c5 2. Nf3 e6 3. d4 cxd4 4. Nxd4 Nc6 5. Nc3 Qc7 6. Be3 Nf6 7. f4 Bb4 8. Ndb5 Qa5 9. e5 Nd5 10. Bd2 Nxc3 11. Bxc3 Bxc3+ 12. Nxc3 Qb4 13. Qd2 Qxb2 14. Rb1 Qa3 15. Rb3 Qa5 16. Qd6 b6 17. Bd3 Nd8 18. Ra3 Nb7 19. Rxa5 Nxd6 20. Ra3 Nb7 21. Nb5 Ke7 22. Nc7 Rb8 23. Na6 Ra8 24. Be4 f5 25. Bf3 Na5 26. Bxa8 Bxa6 27. Bf3 Rc8 28. Kd1 Bb5 29. Re1 Rc5 30. Kc1 Rc4 31. g3 g6 32. Rd1 Rc5 33. Rd4 h6 34. h3 g5 35. Rd1 Rc8 36. fxg5 hxg5 37. Rh1 Rh8 38. Rc3 Nc6 39. Bxc6 Bxc6 40. Rh2 f4 41. g4 f3 42. Kd2 Rf8 43. Ke3 Rf4 44. Kf2 Rd4 45. Rd3 Ra4 46. a3 Ra5 47. Re3 Rb5 48. h4 gxh4 49. Rxh4 Rc5 50. c3 Kf7 51. Rh6 Kg7 52. Rf6 Rxe5 53. Rfxf3 Ra5 54. Rh3 Rxa3 55. Re5 Ra2+ 56. Kg3 a5 57. Reh5 Rg2+ 58. Kf4 Rf2+ 59. Kg5 Be4 60. Re3 Bc2 61. c4 a4 62. Rh1 Rd2 63. Rf1 Bd1 64. Re4 a3 65. Ref4 Bf3 66. R4xf3 Rf2 67. R1xf2 a2 68. Rf7+ Kh8 69. Rf8+ 1-0

[Event "1st SOA-GM Festival 2024"]
[Site "Bhubaneswar"]
[Date "2024.02.01"]
[Round "3.11"]
[White "Namitbir Singh Walia"]
[Black "Dere Pushkar"]
[Result "1-0"]
[WhiteElo "2408"]
[BlackElo "2191"]
[PlyCount "89"]
[EventDate "2024.02.01"]
[EventType "swiss"]
[EventCountry "IND"]
[TimeControl "5400+30"]

1. e4 c6 2. d4 d5 3. Nc3 dxe4 4. Nxe4 Nf6 5. Nxf6+ exf6 6. c3 Bd6 7. Bd3 O-O 8. Ne2 Re8 9. O-O Nd7 10. Ng3 Nf8 11. a4 Ng6 12. f4 Qc7 13. Qf3 Bd7 14. f5 Ne7 15. Nh5 Kh8 16. Qg4 Rg8 17. Rf3 Rae8 18. Qh4 Nxf5 19. Bxf5 Bxh2+ 20. Kh1 g5 21. Qf2 g4 22. Bf4 Qd8 23. Bxd7 Qxd7 24. Bxh2 gxf3 25. Qxf3 Re6 26. Nxf6 Qe7 27. Nxg8 Re1+ 28. Rxe1 Qxe1+ 29. Bg1 Kxg8 30. Qf2 Qc1 31. Qg3+ Kf8 32. b4 Qh6+ 33. Qh3 Qc1 34. b5 Qd1 35. bxc6 bxc6 36. a5 Qc1 37. Qc8+ Kg7 38. Qxc6 Qg5 39. Qf3 Qxa5 40. d5 Qd8 41. Bxa7 Qh4+ 42. Qh3 Qe1+ 43. Bg1 Qd1 44. Qf3 Qc1 45. Qe3 1-0

[Event "1st SOA-GM Festival 2024"]
[Site "Bhubaneswar"]
[Date "2024.02.01"]
[Round "3.12"]
[White "Ritviz, Parab"]
[Black "Salonika, Saina"]
[Result "1/2-1/2"]
[WhiteElo "2391"]
[BlackElo "2113"]
[PlyCount "90"]
[EventDate "2024.02.01"]
[EventType "swiss"]
[EventCountry "IND"]
[TimeControl "5400+30"]

1. e4 c5 2. Nf3 d6 3. Bb5+ Bd7 4. a4 Nc6 5. d4 cxd4 6. Nxd4 Nf6 7. Nc3 g6 8. Be3 Bg7 9. f3 O-O 10. O-O a6 11. Nxc6 bxc6 12. Bc4 Qa5 13. Qd3 Bc8 14. Rad1 Qb4 15. Bd4 Rd8 16. b3 e6 17. Na2 Qb8 18. Qc3 Ne8 19. Bxg7 Nxg7 20. Bd3 Qb6+ 21. Kh1 a5 22. Qf6 e5 23. Nc3 Be6 24. Ne2 Rd7 25. f4 Nh5 26. Qh4 exf4 27. Nxf4 Nxf4 28. Rxf4 Qd4 29. Rdf1 Qe5 30. R4f3 Kg7 31. Qf2 Rb8 32. Rg3 Rb4 33. Qd2 h6 34. Re3 Re7 35. Rfe1 Rd7 36. Bf1 Rd4 37. Rd3 Rxd3 38. Bxd3 Rb7 39. Be2 Rb4 40. Bf3 Rd4 41. Qe3 Rb4 42. Qd2 Rd4 43. Qe2 Qf4 44. Rd1 Rxd1+ 45. Qxd1 Qe5 1/2-1/2

[Event "1st SOA-GM Festival 2024"]
[Site "Bhubaneswar"]
[Date "2024.02.01"]
[Round "3.13"]
[White "Subhayan Kundu"]
[Black "Vrashank Chouhan"]
[Result "1-0"]
[WhiteElo "2385"]
[BlackElo "2046"]
[PlyCount "125"]
[EventDate "2024.02.01"]
[EventType "swiss"]
[EventCountry "IND"]
[TimeControl "5400+30"]

1. e4 e6 2. d4 d5 3. Nc3 Bb4 4. e5 c5 5. Bd2 Nc6 6. Nb5 Bxd2+ 7. Qxd2 Nge7 8. f4 O-O 9. dxc5 b6 10. cxb6 Qxb6 11. c3 Rb8 12. b3 f6 13. exf6 Rxf6 14. Nf3 Ng6 15. g3 e5 16. O-O-O exf4 17. Qxd5+ Be6 18. Qe4 Bf5 19. Qd5+ Kh8 20. Nbd4 Nce7 21. Qb5 Qc7 22. Qc4 Qa5 23. Kb2 Be4 24. Qe2 Ba8 25. gxf4 Nd5 26. Qd2 Ngxf4 27. Rg1 Nb6 28. Ka1 Nbd5 29. Kb2 Nb6 30. Ka1 Nbd5 31. Kb2 Nb6 32. Ka1 Nbd5 33. Kb2 Nb6 34. Ka1 Nbd5 35. c4 Nb4 36. Rg5 Qa3 37. Nb5 Qxa2+ 38. Qxa2 Nxa2 39. Kxa2 Bxf3 40. Rd7 Ne6 41. Re5 a6 42. Nd6 Nf8 43. Nb5 Ne6 44. Nd6 Nf8 45. Rf7 Rxd6 46. Rxf3 Nd7 47. Rf7 Nf8 48. Rf3 Nd7 49. Re7 Nc5 50. b4 Ne6 51. Rd3 Rxd3 52. Bxd3 Nf4 53. Be4 Kg8 54. Ka3 Rc8 55. Kb3 Rd8 56. c5 Kf8 57. Ra7 Re8 58. Ra8 Rxa8 59. Bxa8 g5 60. Ka4 h5 61. Ka5 Nd3 62. Be4 Nf2 63. Bf5 1-0

[Event "1st SOA-GM Festival 2024"]
[Site "Bhubaneswar"]
[Date "2024.02.01"]
[Round "3.14"]
[White "Ayush Sharma"]
[Black "Aarav Sinha"]
[Result "1-0"]
[WhiteElo "2378"]
[BlackElo "1981"]
[PlyCount "89"]
[EventDate "2024.02.01"]
[EventType "swiss"]
[EventCountry "IND"]
[TimeControl "5400+30"]

1. Nf3 Nf6 2. g3 d5 3. Bg2 c5 4. O-O e6 5. d4 Nc6 6. c4 dxc4 7. dxc5 Qxd1 8. Rxd1 Bxc5 9. Nbd2 c3 10. bxc3 O-O 11. Nb3 Be7 12. c4 Nd7 13. Bg5 f6 14. Be3 e5 15. Nfd2 f5 16. Bd5+ Kh8 17. Nf3 e4 18. Ng5 Nde5 19. Nc5 Ng4 20. Nge6 Nxe3 21. fxe3 Bxe6 22. Nxe6 Rf6 23. Rab1 Nd8 24. Nd4 Rb8 25. Kg2 g6 26. h3 b6 27. g4 fxg4 28. hxg4 Rc8 29. Nb5 Nc6 30. Bxc6 Rcxc6 31. Rd7 Bf8 32. Nd4 Rxc4 33. g5 Rxd4 34. exd4 Rf5 35. Rxa7 Rxg5+ 36. Kf2 b5 37. Ke3 Kg8 38. Kxe4 Rg4+ 39. Kd5 Rg5+ 40. Kc6 b4 41. e4 Rg4 42. Rf1 Bh6 43. Kd5 Be3 44. Rff7 Rg5+ 45. Ke6 1-0

[Event "1st SOA-GM Festival 2024"]
[Site "Bhubaneswar"]
[Date "2024.02.01"]
[Round "3.15"]
[White "Shahil Dey"]
[Black "Barath Kalyan M"]
[Result "0-1"]
[WhiteElo "2363"]
[BlackElo "2040"]
[PlyCount "92"]
[EventDate "2024.02.01"]
[EventType "swiss"]
[EventCountry "IND"]
[TimeControl "5400+30"]

1. g3 Nf6 2. Bg2 g6 3. e4 d6 4. Ne2 Bg7 5. O-O O-O 6. d4 e5 7. Nbc3 c6 8. h3 b5 9. a3 a5 10. Be3 Nbd7 11. dxe5 dxe5 12. Qd6 Ra6 13. f4 Re8 14. f5 Bf8 15. Qd2 Qc7 16. g4 b4 17. Na4 c5 18. Ng3 Rd6 19. Qf2 Ba6 20. Rfe1 Rc8 21. g5 Ne8 22. Bf1 c4 23. axb4 axb4 24. Be2 c3 25. b3 Bxe2 26. Rxe2 Ra6 27. Rf1 Nc5 28. Nxc5 Bxc5 29. Rd1 Nd6 30. Rd5 Ra5 31. Bxc5 Rxc5 32. fxg6 hxg6 33. h4 Nb5 34. Re1 Nd4 35. Rf1 Qe7 36. Ra1 Qe6 37. Rxc5 Rxc5 38. Ra7 Rc8 39. h5 Nxb3 40. Rb7 Nd4 41. Rxb4 Qg4 42. hxg6 fxg6 43. Rb6 Qxg5 44. Qg2 Rf8 45. Nf1 Ne2+ 46. Kh2 Qh4+ 0-1

[Event "1st SOA-GM Festival 2024"]
[Site "Bhubaneswar"]
[Date "2024.02.01"]
[Round "3.16"]
[White "Rajesh, V A V"]
[Black "Sharnarthi Viresh"]
[Result "1-0"]
[WhiteElo "2331"]
[BlackElo "1926"]
[PlyCount "173"]
[EventDate "2024.02.01"]
[EventType "swiss"]
[EventCountry "IND"]
[TimeControl "5400+30"]

1. d4 Nf6 2. c4 g6 3. Nc3 Bg7 4. e4 d6 5. Be2 O-O 6. Be3 Na6 7. Nf3 c5 8. d5 e6 9. Nd2 Nc7 10. a4 exd5 11. exd5 Na6 12. O-O Nb4 13. Bg5 h6 14. Bf4 a6 15. Na2 a5 16. Nc3 Bf5 17. Rc1 Re8 18. Ndb1 Ne4 19. Be3 Qh4 20. Nxe4 Rxe4 21. Nc3 Rxe3 22. fxe3 Re8 23. Rf3 h5 24. Qd2 Bg4 25. Rf4 Bh6 26. Rcf1 Bxf4 27. Rxf4 Qe7 28. Bxg4 hxg4 29. e4 g3 30. hxg3 Qg5 31. Qe3 Re7 32. Nb5 Qe5 33. Rf2 Rd7 34. Re2 f6 35. Qh6 Qxg3 36. Re3 Qg5 37. Qxg5 fxg5 38. Kf2 Kg7 39. Rf3 g4 40. Re3 Nc2 41. Rg3 Kf6 42. Rxg4 Nb4 43. Ke3 Nc2+ 44. Kf4 Ne1 45. Rg3 Rd8 46. Ke3 Nc2+ 47. Kd2 Nb4 48. Rg4 Rd7 49. Ke2 Nc2 50. Kf2 Rd8 51. Rg3 Nb4 52. Ke3 Nc2+ 53. Kd3 Nb4+ 54. Kd2 Rd7 55. Ke3 Nc2+ 56. Kf2 Nb4 57. b3 Rd8 58. Ke3 Nc2+ 59. Kf4 Nb4 60. Rf3 Kg7 61. Ke3 Nc2+ 62. Kd2 Nb4 63. Nc7 Rc8 64. Ne6+ Kg8 65. Rf6 b6 66. g4 Re8 67. Rxg6+ Kf7 68. Rh6 Rg8 69. g5 Na6 70. Ke3 Nb4 71. Kf4 Nc2 72. e5 dxe5+ 73. Kxe5 Nd4 74. Nxd4 cxd4 75. Kxd4 Rxg5 76. Rxb6 Ke7 77. Rb7+ Kd8 78. c5 Rg4+ 79. Kc3 Kc8 80. c6 Re4 81. d6 Rb4 82. Rxb4 axb4+ 83. Kxb4 Kd8 84. Kc5 Kc8 85. Kb6 Kb8 86. d7 Ka8 87. d8=Q# 1-0

[Event "1st SOA-GM Festival 2024"]
[Site "Bhubaneswar"]
[Date "2024.02.01"]
[Round "3.17"]
[White "Das, Sayantan"]
[Black "Sambarta Banerjee"]
[Result "1-0"]
[WhiteElo "2514"]
[BlackElo "2064"]
[PlyCount "59"]
[EventDate "2024.02.01"]
[EventType "swiss"]
[EventCountry "IND"]
[TimeControl "5400+30"]

1. e4 c6 2. d4 d5 3. e5 Bf5 4. h4 h5 5. c4 e6 6. Nc3 dxc4 7. Bxc4 Nd7 8. a4 Nb6 9. Be2 Bg6 10. Nh3 Nd5 11. Nxd5 Qxd5 12. Nf4 Qe4 13. Be3 Bb4+ 14. Kf1 Qc2 15. Bxh5 Qxd1+ 16. Bxd1 Ne7 17. a5 O-O-O 18. Nxg6 Nxg6 19. h5 c5 20. dxc5 Nxe5 21. Be2 a6 22. Ra4 Nc6 23. Bf3 Bxa5 24. Ke2 Bc7 25. Bxc6 bxc6 26. Rxa6 Kb7 27. Ra4 Rd5 28. g4 f5 29. Rha1 fxg4 30. Rb4+ 1-0

[Event "1st SOA-GM Festival 2024"]
[Site "Bhubaneswar"]
[Date "2024.02.01"]
[Round "3.18"]
[White "Vaibhav Jayant Raut"]
[Black "Savchenko, Boris"]
[Result "1/2-1/2"]
[WhiteElo "2052"]
[BlackElo "2489"]
[PlyCount "82"]
[EventDate "2024.02.01"]
[EventType "swiss"]
[EventCountry "IND"]
[TimeControl "5400+30"]

1. c4 e5 2. g3 Bc5 3. Bg2 Nc6 4. Nc3 a6 5. e3 d6 6. h3 f5 7. Nge2 Nf6 8. d4 Ba7 9. dxe5 dxe5 10. Bxc6+ bxc6 11. Qxd8+ Kxd8 12. b3 h5 13. Bb2 h4 14. gxh4 Ke7 15. Na4 f4 16. exf4 exf4 17. Nxf4 Kf7 18. c5 Rxh4 19. Nd3 Bf5 20. Ne5+ Kf8 21. O-O-O Nd5 22. Nxc6 Nf4 23. Nxa7 Nd3+ 24. Rxd3 Bxd3 25. Nc6 Be4 26. Ne5 Bxh1 27. Ng6+ Kf7 28. Nxh4 g6 29. Be5 g5 30. Nf5 Ke6 31. Ng3 Kxe5 32. Nxh1 Kd4 33. Kd2 Rh8 34. Ng3 Rxh3 35. Nc3 Kxc5 36. Nce4+ Kb4 37. Nxg5 Rh2 38. N3e4 Ka3 39. Ne6 Kxa2 40. Nxc7 Kxb3 41. Nxa6 Rxf2+ 1/2-1/2

[Event "1st SOA-GM Festival 2024"]
[Site "Bhubaneswar"]
[Date "2024.02.01"]
[Round "3.19"]
[White "Fedorov, Alexei"]
[Black "Mahindrakar Indrajeet"]
[Result "1/2-1/2"]
[WhiteElo "2457"]
[BlackElo "2039"]
[PlyCount "134"]
[EventDate "2024.02.01"]
[EventType "swiss"]
[EventCountry "IND"]
[TimeControl "5400+30"]

1. e4 c5 2. Nf3 e6 3. d4 cxd4 4. Nxd4 a6 5. c4 Nf6 6. Nc3 Qc7 7. a3 d6 8. Be2 g6 9. O-O Bg7 10. Be3 O-O 11. Qd2 Nc6 12. Nxc6 bxc6 13. Rfd1 Ne8 14. b4 Bb7 15. Rac1 Rd8 16. Na4 Qe7 17. Nc5 Bc8 18. Nb3 Bb7 19. Nc5 Bc8 20. Nb3 Qb7 21. Na5 Qc7 22. b5 c5 23. Rb1 Bd7 24. Rbc1 Bc8 25. Rb1 Bd7 26. bxa6 Qa7 27. Nb7 Rc8 28. Nxd6 Nxd6 29. Qxd6 Ba4 30. Rd2 Rc6 31. Rb7 Qxa6 32. Qe7 Rcc8 33. Ra7 Qc6 34. Rd6 Qxe4 35. Rxa4 Bd4 36. Raa6 Rb8 37. Rab6 Bxe3 38. Rxb8 Rxb8 39. Rd8+ Rxd8 40. Qxd8+ Kg7 41. fxe3 Qxe3+ 42. Kf1 Qxa3 43. g3 Qa1+ 44. Kg2 Qe5 45. Qd3 h6 46. Kf2 Kf8 47. Qe3 Qf6+ 48. Kg2 Qg5 49. Qxg5 hxg5 50. g4 Ke7 51. Bd1 f5 52. Ba4 e5 53. Kf2 Ke6 54. Be8 Kf6 55. Kg2 Ke7 56. Kf2 Kf6 57. Kg2 Ke7 58. Kf2 Kf6 59. h3 Kg7 60. Kg2 Kf6 61. Kf2 Kg7 62. Ke3 Kf6 63. Bd7 e4 64. Be8 Kg7 65. Kf2 Kf6 66. Kg2 Kg7 67. Kf2 Kf6 1/2-1/2

[Event "1st SOA-GM Festival 2024"]
[Site "Bhubaneswar"]
[Date "2024.02.01"]
[Round "3.20"]
[White "Sammed Jaykumar, Shete"]
[Black "Patil Priyanshu"]
[Result "1/2-1/2"]
[WhiteElo "2441"]
[BlackElo "2022"]
[PlyCount "66"]
[EventDate "2024.02.01"]
[EventType "swiss"]
[EventCountry "IND"]
[TimeControl "5400+30"]

1. d4 d5 2. c4 e6 3. Nf3 a6 4. Nc3 dxc4 5. a4 Nc6 6. e4 Na5 7. Be3 Nf6 8. Qc2 Bb4 9. Be2 b5 10. axb5 axb5 11. O-O Bxc3 12. bxc3 Bb7 13. Nd2 Nb3 14. Nxb3 Bxe4 15. Qb2 cxb3 16. Bxb5+ c6 17. Ba4 O-O 18. Qxb3 Qd6 19. f3 Rfb8 20. Qd1 Nd5 21. Bd2 Bd3 22. Rf2 Nb6 23. g3 Nxa4 24. Rxa4 Rxa4 25. Qxa4 Qd5 26. Kg2 h6 27. Qa7 Rb2 28. Qc7 Qa2 29. Qf4 Qb1 30. Qe3 Ra2 31. Qe1 Qb3 32. g4 Qa4 33. Qe3 Qb5 1/2-1/2

[Event "1st SOA-GM Festival 2024"]
[Site "Bhubaneswar"]
[Date "2024.02.01"]
[Round "4.1"]
[White "Tahbaz, Arash"]
[Black "Goutham Krishna H"]
[Result "1/2-1/2"]
[WhiteElo "2425"]
[BlackElo "2288"]
[PlyCount "168"]
[EventDate "2024.02.01"]
[EventType "swiss"]
[EventCountry "IND"]
[TimeControl "5400+30"]

1. Nf3 Nf6 2. g3 g6 3. Bg2 Bg7 4. O-O O-O 5. c4 d6 6. Nc3 e5 7. d3 a5 8. a3 c6 9. Rb1 h6 10. b4 axb4 11. axb4 Be6 12. e4 Nbd7 13. Bb2 Nh7 14. Qc2 Ng5 15. Nd2 Bh3 16. Bxh3 Nxh3+ 17. Kg2 Ng5 18. Ne2 Ne6 19. Nf3 f5 20. d4 f4 21. c5 g5 22. Qc4 Qe8 23. g4 d5 24. exd5 cxd5 25. Qxd5 Nf6 26. Qxe5 Nxg4 27. Qd5 Nf6 28. Qb3 Kh8 29. Ne5 Rd8 30. h3 f3+ 31. Qxf3 Nd5 32. Qg3 Nef4+ 33. Nxf4 Nxf4+ 34. Kh2 Ne2 35. Qe3 Nxd4 36. Bxd4 Rxd4 37. Rbe1 Rxb4 38. Kg2 Rbf4 39. Re2 R4f5 40. Nd3 Qd7 41. f3 Rd5 42. Nf2 Rc8 43. Rc1 Qc6 44. Ne4 Rf8 45. Rb1 Rdf5 46. Rb6 Qd5 47. Rd6 Qf7 48. Rf2 Re5 49. Qd3 Qf5 50. Rd8 Rxd8 51. Qxd8+ Kh7 52. Qd3 h5 53. Nxg5+ Kg6 54. Qxf5+ Kxf5 55. Ne4 Kf4 56. Rd2 Re7 57. Kf2 Be5 58. Rd8 Rf7 59. Rd5 Rg7 60. h4 Kf5 61. Rd8 Bf4 62. Rh8 Kg6 63. Rf8 Rf7 64. Rg8+ Rg7 65. Rf8 Rf7 66. Rd8 Bc7 67. Rd5 Rf5 68. Rd7 Rf7 69. Rd5 Rf5 70. Rd3 Rf4 71. Rb3 Rxh4 72. Rxb7 Bf4 73. Rb6+ Kf5 74. Rf6+ Ke5 75. Ke2 Kd4 76. Kf2 Ke5 77. Rf7 Rh2+ 78. Kf1 Ra2 79. c6 Rc2 80. c7 h4 81. Nd6 Kxd6 82. Rxf4 h3 83. Rh4 Kxc7 84. Rxh3 Kd6 1/2-1/2

[Event "1st SOA-GM Festival 2024"]
[Site "Bhubaneswar"]
[Date "2024.02.01"]
[Round "4.2"]
[White "Vignesh Advaith Vemula"]
[Black "Audi Ameya"]
[Result "1/2-1/2"]
[WhiteElo "2028"]
[BlackElo "2385"]
[PlyCount "80"]
[EventDate "2024.02.01"]
[EventType "swiss"]
[EventCountry "IND"]
[TimeControl "5400+30"]

1. e4 c5 2. Nf3 d6 3. d4 cxd4 4. Nxd4 Nf6 5. Nc3 a6 6. Be3 Ng4 7. Bc1 Nc6 8. f3 Qb6 9. fxg4 Qxd4 10. Be2 Be6 11. Qxd4 Nxd4 12. Bd1 Rc8 13. Be3 Nc6 14. Be2 g6 15. O-O-O Bg7 16. Nd5 Ne5 17. h3 Nc4 18. Bd4 Bxd4 19. Rxd4 Bxd5 20. exd5 b5 21. b3 Nb6 22. a4 bxa4 23. Bxa6 Rc5 24. Rb4 Nd7 25. Rb7 axb3 26. Bb5 O-O 27. Bxd7 bxc2 28. Kb2 Rxd5 29. Rc1 Rd2 30. Rxc2 Rxc2+ 31. Kxc2 Ra8 32. Kd3 Ra3+ 33. Ke2 g5 34. Bc6 Kf8 35. Rb5 h6 36. Rf5 e6 37. Rb5 d5 38. Rb8+ Kg7 39. Rb7 Kf8 40. Rb2 Rg3 1/2-1/2

[Event "1st SOA-GM Festival 2024"]
[Site "Bhubaneswar"]
[Date "2024.02.01"]
[Round "4.3"]
[White "Nguyen Van Huy"]
[Black "Ghosh, Diptayan"]
[Result "1/2-1/2"]
[WhiteElo "2364"]
[BlackElo "2568"]
[PlyCount "37"]
[EventDate "2024.02.01"]
[EventType "swiss"]
[EventCountry "IND"]
[TimeControl "5400+30"]

1. d4 Nf6 2. c4 e6 3. Nf3 d5 4. g3 Be7 5. Bg2 O-O 6. O-O a5 7. Qc2 Nc6 8. a3 dxc4 9. Qxc4 a4 10. Nc3 Bd7 11. Bg5 Na5 12. Qd3 Bc6 13. e4 Nd7 14. Bf4 Nb6 15. Rad1 Bd6 16. Bg5 Be7 17. Bf4 Bd6 18. Bg5 Be7 19. Bf4 1/2-1/2

[Event "1st SOA-GM Festival 2024"]
[Site "Bhubaneswar"]
[Date "2024.02.01"]
[Round "4.4"]
[White "Fawzy, Adham"]
[Black "Rajesh, V A V"]
[Result "1/2-1/2"]
[WhiteElo "2522"]
[BlackElo "2331"]
[PlyCount "117"]
[EventDate "2024.02.01"]
[EventType "swiss"]
[EventCountry "IND"]
[TimeControl "5400+30"]

1. e4 e5 2. Nf3 Nc6 3. Bc4 Bc5 4. c3 Nf6 5. d4 exd4 6. e5 d5 7. Bb5 Ne4 8. cxd4 Bb6 9. Nc3 O-O 10. Be3 Bg4 11. h3 Bh5 12. Qc2 Bg6 13. Qb3 Ne7 14. O-O c6 15. Bd3 Nd2 16. Nxd2 Bxd3 17. Rfe1 Bg6 18. Na4 Nf5 19. Qc3 Re8 20. a3 f6 21. Nxb6 axb6 22. Bf4 fxe5 23. dxe5 c5 24. Nf3 Nh4 25. e6 Nxf3+ 26. Qxf3 Qf6 27. e7 Rxe7 28. Rxe7 Qxe7 29. Qxd5+ Bf7 30. Qe5 Qd7 31. Qg5 Re8 32. Be5 Bc4 33. Re1 Re6 34. Qg4 Bd3 35. Re3 Re7 36. Qf4 c4 37. Kh2 h6 38. Rg3 Qf5 39. Qxf5 Bxf5 40. Bc3 g6 41. Rf3 h5 42. Rg3 Re2 43. Kg1 Kf7 44. h4 Re8 45. f3 Rd8 46. Kf2 Rd5 47. Ke3 Bd7 48. Ke4 Bc6 49. Kf4 Bd7 50. Be5 b5 51. Rg5 Bc6 52. g4 hxg4 53. Rxg4 Rd3 54. Rg3 Bd5 55. Bc3 Bc6 56. Rh3 Bd5 57. Rg3 Bc6 58. Kg4 Bd5 59. Kf4 1/2-1/2

[Event "1st SOA-GM Festival 2024"]
[Site "Bhubaneswar"]
[Date "2024.02.01"]
[Round "4.5"]
[White "Soham Kamotra"]
[Black "Namitbir Singh Walia"]
[Result "1-0"]
[WhiteElo "2348"]
[BlackElo "2408"]
[PlyCount "87"]
[EventDate "2024.02.01"]
[EventType "swiss"]
[EventCountry "IND"]
[TimeControl "5400+30"]

1. Nf3 Nf6 2. b3 g6 3. Bb2 Bg7 4. e3 O-O 5. d4 d6 6. Be2 e5 7. dxe5 Ng4 8. Nc3 Nxe5 9. h4 Nbc6 10. Qd2 Ng4 11. Bb5 Bd7 12. O-O-O a6 13. Bxc6 Bxc6 14. Nd4 h5 15. Nxc6 bxc6 16. f3 Ne5 17. Ne4 d5 18. Qc3 Qe7 19. Qc5 Rfe8 20. Qxe7 Rxe7 21. Nc5 Bh6 22. Rhe1 Nd7 23. Nxd7 Rxd7 24. Be5 Re8 25. Bf4 Bxf4 26. exf4 Rde7 27. Rxe7 Rxe7 28. Rd4 Re6 29. Kd2 Rd6 30. b4 f5 31. Rd3 Rd8 32. Ra3 Ra8 33. Ra5 Kf7 34. Rc5 Rb8 35. c3 a5 36. Rxa5 Ke6 37. Ra6 Kd7 38. a4 Rb6 39. Ra5 Kd6 40. Rc5 Ra6 41. a5 Ra8 42. Kd3 Kd7 43. Kd4 Re8 44. a6 1-0

[Event "1st SOA-GM Festival 2024"]
[Site "Bhubaneswar"]
[Date "2024.02.01"]
[Round "4.6"]
[White "Barath Kalyan M"]
[Black "Subhayan Kundu"]
[Result "0-1"]
[WhiteElo "2040"]
[BlackElo "2385"]
[PlyCount "90"]
[EventDate "2024.02.01"]
[EventType "swiss"]
[EventCountry "IND"]
[TimeControl "5400+30"]

1. b3 e5 2. Bb2 Nc6 3. c4 Nge7 4. e3 d5 5. cxd5 Nxd5 6. a3 Be6 7. Qc2 Qd7 8. Nf3 f6 9. Bb5 a6 10. Bxc6 Qxc6 11. Qxc6+ bxc6 12. d4 Rb8 13. Nbd2 exd4 14. Nxd4 Bd7 15. O-O-O c5 16. Nc2 Bg4 17. Rde1 Be6 18. g3 Ne7 19. e4 Nc6 20. Re3 Kf7 21. Rc3 Bd6 22. b4 a5 23. f4 axb4 24. Re3 Rhd8 25. Rhe1 Be7 26. f5 Ba2 27. Nf3 Na5 28. Nd2 Rxd2 29. Kxd2 Nc4+ 30. Kc1 bxa3 31. Nxa3 Nxb2 32. R1e2 Nc4 33. Rc3 Nxa3 34. Rxa2 Rb1+ 35. Kd2 Nb5 36. Rcc2 Rb4 37. Kd3 Rd4+ 38. Ke3 c4 39. Ra5 c6 40. Ra4 Bc5 41. Kf4 c3 42. Ra6 Rd2 43. Rc1 h5 44. Rf1 c2 45. Rc1 Rf2# 0-1

[Event "1st SOA-GM Festival 2024"]
[Site "Bhubaneswar"]
[Date "2024.02.01"]
[Round "4.7"]
[White "Aakash Sharadchandra, Dalvi"]
[Black "Ayush Sharma"]
[Result "0-1"]
[WhiteElo "2180"]
[BlackElo "2378"]
[PlyCount "58"]
[EventDate "2024.02.01"]
[EventType "swiss"]
[EventCountry "IND"]
[TimeControl "5400+30"]

1. Nf3 Nf6 2. c4 e6 3. g3 d5 4. d4 c6 5. Qc2 Be7 6. Bg2 O-O 7. O-O Nbd7 8. b3 b6 9. Nc3 Ba6 10. Nd2 Rc8 11. e4 dxc4 12. Nxc4 b5 13. Ne3 b4 14. Ne2 c5 15. d5 exd5 16. exd5 Nb6 17. Rd1 Re8 18. Nc4 Bxc4 19. bxc4 Nfd7 20. d6 Bf8 21. Bf4 Qf6 22. Bh3 Rcd8 23. a3 b3 24. Qd3 b2 25. Rab1 Ne5 26. Bxe5 Qxe5 27. d7 Nxd7 28. Bxd7 Qxe2 29. Qb3 Rxd7 0-1

[Event "1st SOA-GM Festival 2024"]
[Site "Bhubaneswar"]
[Date "2024.02.01"]
[Round "4.8"]
[White "Das, Sayantan"]
[Black "Pattnayak Nilsu"]
[Result "1-0"]
[WhiteElo "2514"]
[BlackElo "1987"]
[PlyCount "115"]
[EventDate "2024.02.01"]
[EventType "swiss"]
[EventCountry "IND"]
[TimeControl "5400+30"]

1. e4 e5 2. Bc4 Nf6 3. d3 Nc6 4. Nc3 Bc5 5. Nf3 h6 6. h3 d6 7. a3 Be6 8. Bb5 a6 9. Bxc6+ bxc6 10. d4 exd4 11. Nxd4 O-O 12. O-O Bd7 13. Nde2 Re8 14. Ng3 d5 15. Qf3 d4 16. Nb1 Bd6 17. Bf4 c5 18. Nd2 Bc6 19. Rfe1 Nd7 20. Nf5 Bxf4 21. Qxf4 Ne5 22. Nb3 Rb8 23. Qg3 Ng6 24. Nxc5 Rxb2 25. Qd3 Ne5 26. Qxd4 Rxc2 27. Nxa6 Bb7 28. Qxd8 Rxd8 29. Nb4 Rb2 30. Nd5 Kh7 31. Red1 Rd7 32. a4 Kh8 33. a5 Ba6 34. Rdb1 Rxb1+ 35. Rxb1 Bd3 36. Rb8+ Kh7 37. f3 c5 38. Rc8 c4 39. a6 c3 40. Nb4 c2 41. Ne3 Bxa6 42. Rxc2 Bb7 43. Ng4 Nxg4 44. hxg4 Rd4 45. Rb2 Rd7 46. Kf2 g6 47. Ke3 Kg7 48. Nd3 Bc8 49. Rc2 Rd8 50. Rc7 Be6 51. Nc5 Kf6 52. Rc6 Rd1 53. f4 Ke7 54. f5 gxf5 55. gxf5 Ba2 56. Rxh6 Rc1 57. Rc6 Bb1 58. f6+ 1-0